General information
- name: BNet
- type: Ladder team game (AT/RT)
- host: Battle.net
- saver: TIMG4STRok
map: PhantomGrove
- players: 4
- length: 12:42
- speed: Fast
- version: 1.23 W3XP
- replay type:

» download(88 KB)
Players
team 1 (winner)

»
Rush[yyz] (
teal | 124 APM | 1577 actions | 12:42)
4 Far Seer
2 Feral Spirit
2 Chain Lighting
3 Tauren Chieftain
2 Shockwave
1 Endurance Aura
» actions
| Assign group hotkey | 58 | |
| Basic commands | 92 | |
| Build / train | 43 | |
| Enter build submenu | 12 | |
| Enter hero's abilities submenu | 7 | |
| Give item / drop item | 1 | |
| Right click | 623 | |
| Select / deselect | 203 | |
| Select group hotkey | 483 | |
| Use ability | 55 | |
1577 total
» units
| Peon | 7 | |
| Grunt | 6 | |
| Raider | 5 | |
| Spirit Walker | 4 | |
| Kodo Beast | 1 | |
23 total
» upgrades
| Ensnare | 1 | |
| Spirit Walker Training | 1 | |
| Armor | 1 | |
3 total
» buildings
| Altar of Storms | 1 | |
| Orc Burrow | 6 | |
| Barracks | 1 | |
| Voodoo Lounge | 1 | |
| Stronghold | 1 | |
| War Mill | 1 | |
| Beastiary | 1 | |
| Spirit Lodge | 1 | |
13 total
» build order
00:07 Altar of Storms
00:20 Orc Burrow
00:37 Barracks
01:29 Orc Burrow
01:52 Voodoo Lounge
03:14 Stronghold
03:33 Orc Burrow
04:51 War Mill
05:42 Beastiary
05:55 Orc Burrow
07:14 Spirit Lodge
11:51 Orc Burrow
11:52 Orc Burrow
» items
| Healing Salve | 2 | |
| Scroll of Town Portal | 1 | |
| Potion of Healing | 1 | |
4 total

»
TIMG4STRok (
yellow | 131 APM | 1661 actions | 12:42)
4 Archmage
2 Summon Water Elemental
2 Brilliance Aura
3 Mountain King
2 Storm Bolt
1 Bash
» actions
| Assign group hotkey | 16 | |
| Basic commands | 91 | |
| Build / train | 51 | |
| ESC pressed | 1 | |
| Enter build submenu | 22 | |
| Enter hero's abilities submenu | 7 | |
| Give item / drop item | 1 | |
| Right click | 875 | |
| Select / deselect | 187 | |
| Select group hotkey | 356 | |
| Use ability | 54 | |
1661 total
» units
| Peasant | 17 | |
| Footman | 5 | |
| Spell Breaker | 2 | |
| Priest | 3 | |
| Gryphon Rider | 2 | |
29 total
» upgrades
| Masonry | 1 | |
| Lumber Harvesting | 1 | |
| Priest Training | 1 | |
| Swords | 1 | |
| Animal War Training | 1 | |
5 total
» buildings
| Altar of Kings | 1 | |
| Barracks | 1 | |
| Farm | 7 | |
| Scout Tower | 5 | |
| Arcane Tower | 2 | |
| Arcane Vault | 1 | |
| Lumber Mill | 1 | |
| Keep | 1 | |
| Town Hall | 1 | |
| Guard Tower | 1 | |
| Arcane Sanctum | 1 | |
| Blacksmith | 1 | |
| Castle | 1 | |
| Gryphon Aviary | 2 | |
26 total
» build order
00:06 Altar of Kings
00:10 Barracks
00:17 Farm
00:53 Farm
01:34 Farm
02:19 Scout Tower
02:53 Arcane Tower
03:32 Arcane Vault
03:35 Farm
03:37 Lumber Mill
04:16 Keep
04:23 Farm
05:23 Town Hall
05:42 Scout Tower
05:43 Scout Tower
05:44 Scout Tower
06:18 Guard Tower
06:19 Scout Tower
06:52 Arcane Tower
07:16 Arcane Sanctum
07:44 Blacksmith
08:58 Castle
10:05 Gryphon Aviary
10:06 Gryphon Aviary
12:40 Farm
12:41 Farm
» items
team 2 (loser)
EuPHoRiA-TiMe (
purple | 91 APM | 1160 actions | 12:41)
4 Mountain King
2 Storm Bolt
2 Bash
1 Paladin
1 Holy Light
» actions
| Assign group hotkey | 30 | |
| Basic commands | 81 | |
| Build / train | 76 | |
| ESC pressed | 4 | |
| Enter build submenu | 20 | |
| Enter hero's abilities submenu | 5 | |
| Right click | 330 | |
| Select / deselect | 204 | |
| Select group hotkey | 355 | |
| Use ability | 55 | |
1160 total
» units
» upgrades
» buildings
| Altar of Kings | 1 | |
| Farm | 4 | |
| Barracks | 1 | |
| Town Hall | 2 | |
| Arcane Vault | 1 | |
| Lumber Mill | 1 | |
| Keep | 1 | |
| Scout Tower | 5 | |
| Guard Tower | 4 | |
| Arcane Sanctum | 2 | |
22 total
» build order
00:08 Altar of Kings
00:18 Farm
00:21 Farm
00:23 Barracks
01:45 Farm
03:38 Town Hall
03:46 Arcane Vault
04:05 Lumber Mill
05:30 Farm
06:06 Keep
06:52 Town Hall
07:01 Scout Tower
07:03 Scout Tower
07:06 Scout Tower
07:07 Scout Tower
07:10 Scout Tower
07:34 Guard Tower
07:36 Guard Tower
07:38 Guard Tower
08:44 Guard Tower
12:00 Arcane Sanctum
12:02 Arcane Sanctum
» items
| Scroll of Regeneration | 2 | |
| Lesser Clarity Potion | 2 | |
| Scroll of Town Portal | 1 | |
| Potion of Healing | 2 | |
| Potion of Mana | 1 | |
| Scroll of Healing | 1 | |
9 total
ShivAn-TiMe (
orange | 160 APM | 1967 actions | 12:18)
3 Death Knight
2 Death Coil
1 Unholy Aura
1 Lich
1 Frost Nova
» actions
| Assign group hotkey | 25 | |
| Basic commands | 106 | |
| Build / train | 45 | |
| Enter build submenu | 14 | |
| Enter hero's abilities submenu | 4 | |
| Right click | 913 | |
| Select / deselect | 224 | |
| Select group hotkey | 589 | |
| Use ability | 47 | |
1967 total
» units
| Acolyte | 2 | |
| Ghoul | 4 | |
| Crypt Fiend | 8 | |
| Obsidian Statue | 1 | |
15 total
» upgrades
» buildings
| Altar of Darkness | 1 | |
| Ziggurat | 5 | |
| Crypt | 1 | |
| Tomb of Relics | 1 | |
| Graveyard | 1 | |
| Halls of the Dead | 3 | |
| Slaughterhouse | 1 | |
| Black Citadel | 3 | |
| Spirit Tower | 8 | |
24 total
» build order
00:06 Altar of Darkness
00:09 Ziggurat
00:44 Crypt
00:56 Tomb of Relics
01:19 Graveyard
01:53 Ziggurat
03:31 Halls of the Dead
03:32 Halls of the Dead
04:20 Ziggurat
05:54 Slaughterhouse
05:56 Black Citadel
05:56 Black Citadel
05:56 Black Citadel
07:20 Ziggurat
07:59 Ziggurat
09:06 Spirit Tower
09:07 Spirit Tower
09:07 Spirit Tower
10:18 Spirit Tower
10:19 Spirit Tower
10:36 Spirit Tower
10:37 Spirit Tower
» items
Chat log
(00:11 / All) ShivAn-TiMe: lol
(00:12 / All) ShivAn-TiMe: gg gl
(00:13 / Allies) Rush[yyz]: i know them
(00:15 / All) Rush[yyz]: gl
(00:20 / Allies) TIMG4STRok: they good?
(00:22 / All) TIMG4STRok: glhf
(00:23 / Allies) Rush[yyz]: uh
(00:24 / Allies) Rush[yyz]: duno
(00:25 / Allies) Rush[yyz]: yeah
(00:26 / Allies) Rush[yyz]: kinda
(00:30 / Allies) TIMG4STRok: damn
(00:53 / Allies) Rush[yyz]: should i fs?
(00:54 / Allies) Rush[yyz]: or bm?
(00:58 / Allies) TIMG4STRok: whichever you like
(01:01 / Allies) Rush[yyz]: k
(01:20 / Allies) Rush[yyz]: i dont think euphoria is good
(01:23 / Allies) Rush[yyz]: but shivan is decent
(01:44 / Allies) TIMG4STRok: hu
(01:46 / Allies) TIMG4STRok: ud is right
(02:36 / Allies) Rush[yyz]: ghouls
(02:40 / Allies) TIMG4STRok: k
(05:01 / Allies) Rush[yyz]: lucky
(05:03 / Allies) Rush[yyz]: got expo
(05:05 / Allies) Rush[yyz]: ;o
(06:03 / Allies) TIMG4STRok: how you doing
(06:06 / Allies) TIMG4STRok: i just killed level 1 dk
(06:06 / Allies) Rush[yyz]: ok
(06:09 / Allies) TIMG4STRok: hes teching though
(06:11 / Allies) Rush[yyz]: canceled exo
(07:34 / Allies) Rush[yyz]: ud going destroy?
(07:40 / Allies) TIMG4STRok: prob
(07:46 / Allies) Rush[yyz]: end it before then?
(07:56 / Allies) TIMG4STRok: lets go
(07:57 / Allies) TIMG4STRok: i got roar
(09:07 / Allies) TIMG4STRok: get that shouse